 Dungeon Crawl Stone Soup version 0.28-a0-1520-gc3277d3 (webtiles) character file.

Game seed: 1940631869172078851

1238 Illumine the Destroyer (level 8, 0/45 HPs)
             Began as a Tengu Conjurer on Jan 17, 2022.
             Was a Follower of Vehumet.
             Splashed by a jelly's acid (6 damage)
             ... on level 5 of the Dungeon.
             The game lasted 00:11:29 (5301 turns).

Illumine the Destroyer (Tengu Conjurer)             Turns: 5301, Time: 00:11:30

Health: 0/45       AC: -10   Str:  8    XL:     8   Next: 49%
Magic:  0/16       EV: 15    Int: 20    God:    Vehumet [*.....]
Gold:   224        SH:  0    Dex: 13    Spells: 1/16 levels left

rFire   . . .      SeeInvis .   s - +0 short sword (drain)
rCold   . . .      Faith    .   (no shield)
rNeg    . . .      Spirit   .   a - +0 robe
rPois   .          Reflect  .   (helmet restricted)
rElec   .          Harm     .   (no cloak)
rCorr   .          Rampage  .   (no gloves)
Will    .....                   (boots unavailable)
Stlth   ++........              b - amulet of regeneration
HPRegen 0.95/turn               (no ring)
MPRegen 0.15/turn               (no ring)

@: corroded, flying quickly and evasively, quick
A: beak, talons 3, nimble flight
a: Renounce Religion


You were on level 5 of the Dungeon.
You worshipped Vehumet.
Vehumet was aware of your devotion.
You visited 1 branch of the dungeon, and saw 5 of its levels.
You also visited: Sewer.

You collected 224 gold pieces.

Inventory:

Hand Weapons
 s - a +0 short sword of draining (weapon)
Missiles
 p - 17 poisoned darts
Armour
 a - a +0 robe (worn)
 A - a +1 ring mail of fire resistance
 B - a +0 buckler
Jewellery
 b - an amulet of regeneration (around neck)
Wands
 y - a wand of flame (21)
Scrolls
 g - a scroll of fog {unknown}
 h - a scroll of blinking {unknown}
 k - a scroll of acquirement {unknown}
 l - a scroll of holy word {unknown}
 m - 5 scrolls of vulnerability
 n - a scroll of amnesia {unknown}
 v - 3 scrolls of teleportation {unknown}
 w - a scroll of enchant armour {unknown}
 x - 2 scrolls of noise {unknown}
 C - a scroll of enchant weapon {unknown}
Potions
 c - 2 potions of attraction
 d - 5 potions of curing
 e - 2 potions of invisibility
 f - a potion of ambrosia {unknown}
 i - a potion of degeneration {unknown}
 j - a potion of resistance {unknown}
 o - 2 potions of brilliance
 q - a potion of heal wounds {unknown}
 r - a potion of experience {unknown}
 t - a potion of haste {unknown}
 u - 4 potions of might {unknown}
 z - a potion of magic {unknown}
 D - a potion of mutation {unknown}


   Skills:
 + Level 2.6 Fighting
 + Level 3.9 Dodging
 - Level 2.0 Stealth
 + Level 1.7 Shields
 + Level 4.9 Spellcasting
 + Level 8.4 Conjurations
 + Level 2.0 Hexes
 + Level 2.9 Translocations
 + Level 1.4 Fire Magic


You had one spell level left.
You knew the following spells:

 Your Spells              Type           Power      Damage    Failure   Level
a - Magic Dart            Conj           100%       1d8       1%          1
b - Searing Ray           Conj           76%        2d7       1%          2
c - Iskenderun's Mystic   Conj/Tloc      27%        2d7       11%         4
d - Fulminant Prism       Conj/Hex       12%        3d9       14%         4
e - Sticky Flame          Conj/Fire      24%        2d5       16%         4

Your spell library contained the following spells:

 Spells                   Type           Power      Damage    Failure   Level
 Sandblast                Erth           8%         2d5       12%         1
 Summon Small Mammal      Summ           16%        N/A       12%         1
 Conjure Flame            Conj/Fire      24%        6-21      4%          3
 Dazzling Flash           Conj/Hex       50%        N/A       4%          3
 Blink                    Tloc           32%        N/A       5%          2
 Lesser Beckoning         Tloc           16%        N/A       11%         3
 Summon Guardian Golem    Hex/Summ       8%         N/A       24%         3
 Ignite Poison            Fire/Tmut/Pois 6%         N/A       28%         3
 Call Canine Familiar     Summ           4%         N/A       34%         3
 Manifold Assault         Tloc           16%        N/A       67%         5


Dungeon Overview and Level Annotations

Branches:
Dungeon (5/15)             Temple (0/1) D:4           Sewer (visited)

Altars:
Elyvilon
Hepliaklqana
Okawaru
Vehumet

Shops:
D:1 (

Annotations:
D:3 exclusion: statue


Innate Abilities, Weirdness & Mutations

You have a beak for a mouth.
You have claws for feet.
Your magical nature lets you fly swiftly and evasively.


Message History

The hound bites you. The hound barely misses you.
Casting: Searing Ray (safe; 1% risk of failure)
Confirm with . or Enter, or press ? or * to list all spells.
Aiming: Searing Ray (safe; 1% risk of failure)
Press: ? - help, Shift-Dir - straight line, f - hound
Aim: a hound (73% to hit)
The searing ray misses the hound. (Press . to maintain the ray.)
The hound barely misses you.
Unknown command.
The searing ray hits the hound.
The hound is moderately wounded.
The hound bites you. x2
The searing ray misses the hound.
The hound closely misses you.
The searing ray hits the hound!
You kill the hound!
Vehumet accepts your kill.
You finish channelling your searing ray.
The jelly hits you.
You are splashed with acid!
* * * LOW HITPOINT WARNING * * *
Your Hexes skill increases to level 2!
You hit the jelly.
Your hands burn!
* * * LOW HITPOINT WARNING * * *
You claw the jelly, but do no damage.
The jelly is severely wounded.
The jelly completely misses you. The jelly barely misses you.
You hit the jelly but do no damage.
Your hands burn!
* * * LOW HITPOINT WARNING * * *
You peck the jelly, but do no damage.
The jelly is severely wounded.
The jelly closely misses you.
You hit the jelly but do no damage. The acid corrodes you!
Your hands burn!
* * * LOW HITPOINT WARNING * * *
You claw the jelly.
The jelly is almost dead.
The jelly hits you.
* * * LOW HITPOINT WARNING * * *
You are splashed with acid.
You die...

### #### ######..## ##..#
#........# ##### #...#
#@J....### #...###...# ##†.#...#
####.........# #..#..###
#............#####......#
................##.....###
#...............###...##.## ##
.....#..........##........# ...
......#..###..##..#......###....
.....###..##.....))......#.#....


You could see a jelly.

Vanquished Creatures
  An ice beast (D:5)
  3 ogres (D:5)
  A centaur (D:5)
  2 kobold brigands (Sewer)
  A scorpion (D:4)
  A water moccasin zombie (D:5)
  2 water moccasin skeletons (D:5)
  A hound (D:5)
  An orc priest (D:3)
  Ijyb (D:4)
  An orc wizard (D:3)
  A scorpion zombie (D:3)
  A hound skeleton (D:5)
  Robin (D:2)
  9 adders
  6 river rats
  3 dart slugs
  A worm (D:3)
  7 orcs
  16 ball pythons
  3 bats
  8 endoplasms
  A giant cockroach (D:4)
  9 goblins
  10 hobgoblins
  15 jackals
  5 quokkas
  5 frilled lizards
  21 kobolds
  31 rats
168 creatures vanquished.

Notes
Turn   | Place    | Note
-------+----------+-------------------------------------------
     0 | D:1      | Illumine the Tengu Conjurer began the quest for the Orb.
     0 | D:1      | Reached XP level 1. HP: 10/10 MP: 4/4
   193 | D:1      | Reached XP level 2. HP: 15/15 MP: 4/6
   196 | D:1      | Learned a level 2 spell: Searing Ray
   441 | D:1      | Found Pubrung's Weapon Shoppe.
   582 | D:1      | Found a faded altar of an unknown god.
   809 | D:2      | Reached XP level 3. HP: 19/19 MP: 2/7
   945 | D:2      | Reached skill level 6 in Conjurations
   990 | D:2      | Noticed Robin
  1003 | D:2      | Killed Robin
  1417 | D:2      | Reached XP level 4. HP: 24/24 MP: 6/9
  2196 | D:2      | Learned a level 4 spell: Iskenderun's Mystic Blast
  2421 | D:3      | Gained mutation: Your magical nature lets you fly swiftly
                  | and evasively. [Tengu growth]
  2421 | D:3      | Reached XP level 5. HP: 28/28 MP: 8/11
  2756 | D:3      | Reached skill level 1 in Translocations
  2773 | D:3      | Found a glowing drain.
  2777 | Sewer    | Entered a sewer
  2801 | Sewer    | Reached skill level 7 in Conjurations
  2934 | Sewer    | Noticed a kobold brigand
  2939 | Sewer    | Killed a kobold brigand
  2940 | Sewer    | Reached XP level 6. HP: 29/32 MP: 4/13
  3462 | Sewer    | Reached skill level 1 in Fighting
  3768 | D:3      | Found a radiant altar of Vehumet.
  3775 | D:3      | Learned a level 4 spell: Fulminant Prism
  3781 | D:3      | Became a worshipper of Vehumet
  4066 | D:3      | Reached XP level 7. HP: 38/38 MP: 8/14
  4309 | D:3      | Found a hazy altar of Hepliaklqana.
  4405 | D:4      | Noticed a wyvern
  4576 | D:4      | Found a staircase to the Ecumenical Temple.
  4656 | D:4      | Noticed Ijyb
  4683 | D:4      | Killed Ijyb
  4684 | D:4      | Reached skill level 1 in Hexes
  4812 | D:4      | Found an iron altar of Okawaru.
  4898 | D:4      | Found a white marble altar of Elyvilon.
  4913 | D:5      | Entered Level 5 of the Dungeon
  4922 | D:5      | Reached * piety under Vehumet
  4922 | D:5      | Offered knowledge of Sandblast by Vehumet.
  5017 | D:5      | Reached skill level 8 in Conjurations
  5081 | D:5      | Reached XP level 8. HP: 44/44 MP: 8/15
  5086 | D:5      | Learned a level 4 spell: Sticky Flame
  5136 | D:5      | Reached skill level 1 in Shields
  5279 | D:5      | Reached skill level 1 in Fire Magic
  5301 | D:5      | Splashed by a jelly's acid

Illustrated notes

Levels and vault maps discovered:
D:1:      dpeg_arrival_rooms_c, layout_rooms, serial_shops, shop,
          shapermc_ecumenical_altar_mp_urbaneastern, minmay_fountain_box,
          chequers_serial_rivers_large_a
D:2:      layout_basic, chequers_serial_rivers_micro_e, minmay_octomino_c4,
          uniq_robin
D:3:      layout_basic, worldfamousw_hep_ancestral_shrine, vehumet_statue,
          lightli_sewer_entry_pipes, minivault_11
D:4:      layout_loops_ring, okawaru_trees_1, mainiacjoe_overflow_alcove_4,
          minmay_temple_entry_glassed_door, uniq_ijyb
D:5:      layout_cave_pools, lemuel_doored_altar

Skill      XL: |  1  2  3  4  5  6  7  8 |
---------------+-------------------------+-----
Conjurations   | 6 7 8 |  8.4
Spellcasting   | 3 4 |  4.9
Translocations | 1 2 |  2.9
Fighting       | 1 2 |  2.6
Dodging        | 3 |  3.9
Hexes          | 1 2 |  2.0
Shields        | 1 |  1.7
Fire Magic     | 1 |  1.4
Stealth        | |  2.0

Action                   |  1- 3 |  4- 6 |  7- 9 || total
-------------------------+-------+-------+-------++-------
Melee: Falchion          |     8 |       |       ||     8
       Kick              |     2 |    11 |    14 ||    27
       Peck              |     1 |    10 |    11 ||    22
       Dagger            |       |    31 |       ||    31
       Short sword       |       |    32 |    45 ||    77
 Cast: Magic Dart        |    54 |    43 |    12 ||   109
       Searing Ray       |     4 |    23 |    16 ||    43
       Iskenderun's Myst |       |       |     1 ||     1
  Use: Scroll            |       |       |     5 ||     5
 Stab: Sleeping          |       |     7 |     1 ||     8
Armor: Robe              |     3 |    10 |     5 ||    18
Dodge: Dodged            |    16 |    65 |    51 ||   132

Table legend: (Time is in decaauts)
 A = Elapsed time spent in this place.
 B = Non-inter-level travel time spent in this place.
 C = Inter-level travel time spent in this place.
 D = Time resting spent in this place.
 E = Time spent auto-exploring this place.
 F = Levels seen in this place.
 G = Mean time per level.
                   A        B        C        D        E       F      G
               +--------+--------+--------+--------+--------+-----+--------+
         Total |   5154 |   4996 |    158 |    714 |   2934 |   6 |  859.0 |
       Dungeon |   4264 |   4106 |    158 |    377 |   2653 |   5 |  852.8 |
         Sewer |    890 |    890 |      0 |    336 |    280 |   1 |  890.0 |
               +--------+--------+--------+--------+--------+-----+--------+

Top non-repeatable levels by time:
     D:2: 1552 daAuts
     D:3: 1112 daAuts
   Sewer: 890 daAuts
     D:1: 799 daAuts
     D:4: 427 daAuts
     D:5: 372 daAuts
